 Dungeon Crawl Stone Soup version 0.27-a0-1185-ga233589e6f (webtiles) character file.

Game seed: 6009194241771723178

1883 Froggeryz the Grappler (level 9, 0/47 HPs)
             Began as a Vine Stalker Berserker on May 19, 2021.
             Was an Elder of Trog.
             Shot with an arrow by a centaur (8 damage)
             ... on level 7 of the Dungeon.
             The game lasted 00:05:10 (5265 turns).

Froggeryz the Grappler (Vine Stalker Berserker)     Turns: 5265, Time: 00:05:11

Health: 0/47       AC:  9    Str: 21    XL:     9   Next: 14%
Magic:  0/10       EV: 10    Int:  7    God:    Trog [****..]
Gold:   396        SH:  0    Dex: 22    Spells: 8/8 levels left

rFire    . . .     SeeInvis .     - Unarmed
rCold    . . .     Faith    .   (no shield)
rNeg     . . .     Spirit   +   a - +0 scale mail
rPois    .         Reflect  .   s - +2 hat
rElec    .         Harm     .   d - +0 cloak
rCorr    .         Rampage  .   (no gloves)
Will     +....                  (no boots)
Stlth    ..........             (no amulet)
HPRegen  1.15/turn              e - +6 ring of dexterity
MPRegen  0.12/turn              (no ring)

@: no status effects
A: fangs 3, regeneration 1, magic shield, antimagic bite, no potion heal 2
a: Renounce Religion, Berserk, Trog's Hand, Brothers in Arms


You were on level 7 of the Dungeon.
You worshipped Trog.
Trog was greatly pleased with you.
You visited 1 branch of the dungeon, and saw 7 of its levels.

You collected 396 gold pieces.

Inventory:

Missiles
 m - 11 poisoned darts
 r - 4 javelins
Armour
 a - a +0 scale mail (worn)
 d - a +0 cloak (worn)
 s - a +2 hat (worn)
Jewellery
 e - a +6 ring of dexterity (left hand)
Scrolls
 c - a scroll of fog {unknown}
 f - 2 scrolls of noise {unknown}
 g - 4 scrolls of identify {unknown}
 h - a scroll of enchant armour {unknown}
 l - a scroll of torment {unknown}
 n - a scroll of magic mapping
 p - a scroll of enchant weapon {unknown}
 q - a scroll of vulnerability {unknown}
Potions
 b - 2 potions of heal wounds {unknown}
 i - a potion of cancellation {unknown}
 j - a potion of degeneration {unknown}
 k - a potion of mutation {unknown}
 o - a potion of curing {unknown}


   Skills:
 + Level 5.1 Fighting
 - Level 1.5 Armour
 - Level 1.5 Dodging
 * Level 10.9 Unarmed Combat


You had 8 spell levels left.
You didn't know any spells.
Your spell library was empty.

Dungeon Overview and Level Annotations

Branches:
Dungeon (7/15)             Temple (0/1) D:4

Altars:
Ashenzari
Cheibriados
Hepliaklqana
Nemelex Xobeh
Okawaru
Ru


Innate Abilities, Weirdness & Mutations

You have razor-sharp teeth.
Your natural rate of healing is unusually fast.
When hurt, damage is shared between your health and your magic reserves.
Your bite disrupts and absorbs the magic of your enemies.
Potions cannot restore your health.


Message History

A phantom is nearby!
A phantom is nearby!
A centaur comes into view.
The centaur shouts!
The centaur wields a +0 shortbow.
The centaur shoots an arrow.
The arrow hits you! The phantom hits you.
The phantom blinks!
You blink.
The centaur moves out of view.
You hit the phantom. You bite the phantom! You drain its power.
You feel invigorated.
The phantom is heavily damaged.
The centaur shoots an arrow.
The arrow hits you.
You closely miss the phantom. Your punch misses the phantom.
You bite the phantom, but do no damage.
The phantom is heavily damaged.
The phantom barely misses you.
The centaur shoots an arrow.
The arrow hits you!
You punch the phantom! Your bite misses the phantom.
The phantom is almost destroyed.
The centaur shoots an arrow.
The arrow barely misses you. The phantom closely misses you.
You hit the phantom.
You destroy the phantom!
Trog accepts your kill.
The centaur shoots an arrow.
The arrow hits you but does no damage.
The centaur shoots an arrow.
The arrow hits you!
The centaur shoots an arrow.
The arrow hits you!
You are too injured to fight recklessly!
You are too injured to fight recklessly!
You are too injured to fight recklessly!
You are too injured to fight recklessly!
You are too injured to fight recklessly!
You are too injured to fight recklessly!
You are too injured to fight recklessly!
You are too injured to fight recklessly!
The centaur shoots an arrow.
The arrow hits you!
* * * LOW HITPOINT WARNING * * *
The centaur shoots an arrow.
The arrow hits you!
* * * LOW HITPOINT WARNING * * *
The centaur shoots an arrow.
The arrow barely misses you.
The centaur shoots an arrow.
The arrow hits you!
You die...

..............####...#...#
.......[..................
#................#########
#.....................
..###...............#
...............#
...............####
.....###..###c.....
...........@.......
...................
..................$
...................
...###......##.## ...
#....... # .. #........
#.......#.


You could see a centaur.

Vanquished Creatures
  Sigmund (D:4)
  A wraith (D:6)
  3 ogres
  2 centaurs
  3 phantoms
  4 scorpions (D:5)
  A water moccasin zombie (D:6)
  A water moccasin skeleton (D:5)
  A howler monkey (D:5)
  An electric eel (D:6)
  3 hounds (D:5)
  2 centaur skeletons
  A bullfrog skeleton (D:5)
  A gnoll shaman (D:5)
  2 iguanas (D:5)
  An orc wizard (D:2)
  5 adders
  6 gnolls
  A shadow imp (D:5)
  A white imp (D:5)
  4 dart slugs
  3 orcs
  10 endoplasms
  A giant cockroach (D:2)
  7 goblins
  13 hobgoblins
  9 jackals
  13 kobolds
  8 quokkas
  6 ball pythons
  7 bats
  2 frilled lizards (D:1)
  4 rats
128 creatures vanquished.

Vanquished Creatures (others)
  6 plants (D:6)
6 creatures vanquished.

Grand Total: 134 creatures vanquished

Notes
Turn   | Place    | Note
-------+----------+-------------------------------------------
     0 | D:1      | Froggeryz the Vine Stalker Berserker began the quest for
                  | the Orb.
     0 | D:1      | Reached XP level 1. HP: 11/11 MP: 2/2
     6 | D:1      | Noticed a black bear
     6 | D:1      | Noticed an anaconda
     6 | D:1      | Noticed a hound
     7 | D:1      | Noticed a killer bee
   303 | D:1      | Reached XP level 2. HP: 10/16 MP: 3/3
   313 | D:1      | Reached skill level 4 in Unarmed Combat
   441 | D:1      | You fall into a shaft and drop 1 floor!
   458 | D:2      | Reached XP level 3. HP: 19/19 MP: 4/4
   688 | D:1      | Reached ** piety under Trog
   851 | D:1      | Found a faded altar of an unknown god.
  1165 | D:1      | Gained mutation: Your natural rate of healing is unusually
                  | fast. [Vine Stalker growth]
  1165 | D:1      | Reached XP level 4. HP: 19/23 MP: 5/5
  1507 | D:2      | Reached skill level 5 in Unarmed Combat
  1587 | D:2      | Reached *** piety under Trog
  1663 | D:2      | Reached XP level 5. HP: 21/27 MP: 3/6
  2156 | D:3      | Found a broken altar of Ashenzari.
  2313 | D:3      | Found a hazy altar of Hepliaklqana.
  2783 | D:4      | Noticed Sigmund
  2795 | D:4      | Killed Sigmund
  2796 | D:4      | Reached skill level 7 in Unarmed Combat
  2796 | D:4      | Reached XP level 6. HP: 32/32 MP: 3/7
  2951 | D:4      | Reached XP level 7. HP: 29/35 MP: 6/8
  3032 | D:4      | Reached skill level 8 in Unarmed Combat
  3255 | D:4      | Found a staircase to the Ecumenical Temple.
  3327 | D:4      | Found a snail-covered altar of Cheibriados.
  3495 | D:5      | Entered Level 5 of the Dungeon
  3564 | D:5      | Found an iron altar of Okawaru.
  3642 | D:5      | Reached **** piety under Trog
  3697 | D:5      | Reached skill level 9 in Unarmed Combat
  3699 | D:5      | Gained mutation: You have razor-sharp teeth. [Vine Stalker
                  | growth]
  3699 | D:5      | Reached XP level 8. HP: 40/40 MP: 6/9
  3977 | D:5      | Found a sacrificial altar of Ru.
  4207 | D:6      | Reached skill level 10 in Unarmed Combat
  4393 | D:6      | Noticed a wraith
  4403 | D:6      | Killed a wraith
  4506 | D:6      | Found a sparkling altar of Nemelex Xobeh.
  4739 | D:6      | Reached XP level 9. HP: 46/46 MP: 8/10
  4845 | D:6      | Reached skill level 5 in Fighting
  5265 | D:7      | Shot with an arrow by a centaur

Illustrated notes

Levels and vault maps discovered:
D:1:      onia_arrival_zoo_common, layout_loops_cross,
          shapermc_ecumenical_altar_totnotflames
D:2:      layout_basic, serial_aquarium, aquarium_bridge_square
          [aquarium_subvault_bridge, aquarium_subvault_wall,
          aquarium_subvault_bridge, aquarium_subvault_bridge],
          aquarium_window_1, aquarium_window_fake, aquarium_view_2c
D:3:      layout_loops_ring, evilmike_ruin_ashenzari, lemuel_round_altar,
          minmay_goblin_outpost
D:4:      kennysheep_big_flooded_room, layout_loops_cross, cheibriados_altar_1,
          minmay_temple_entry_enclosed_plants, moated_statue, uniq_sigmund
D:5:      layout_basic, nicolae_overflow_crystal_walls,
          overflow_temple_1_default, corexii_corridor_pit, amethyst_killhole,
          minmay_checkerbox
D:6:      layout_gridville, kennysheep_mini_moat, chequers_decorated_corner,
          serial_bayou_lagoon_a, minmay_microvault
D:7:      layout_basic, lemuel_coloured_pillars_altar,
          chequers_temple_overflow_statue_of_worship, serial_bayou_crossing,
          uniq_prince_ribbit1

Skill      XL: |  1  2  3  4  5  6  7  8  9 |
---------------+----------------------------+-----
Unarmed Combat | 4 5 7 9 10 | 10.9
Fighting       | 3 4 5 |  5.1
Armour         | |  1.5
Dodging        | |  1.5

Action                   |  1- 3 |  4- 6 |  7- 9 || total
-------------------------+-------+-------+-------++-------
Melee: Unarmed           |   104 |   127 |   127 ||   358
       Bite              |    26 |    28 |    53 ||   107
       Punch             |       |     1 |    10 ||    11
Invok: Berserk           |     1 |     3 |     5 ||     9
  Use: Scroll            |       |     3 |       ||     3
       Potion            |       |     2 |       ||     2
Armor: Ring mail         |    47 |    59 |     2 ||   108
       Animal skin       |     2 |       |       ||     2
       Skin              |       |     4 |       ||     4
       Scale mail        |       |       |    49 ||    49
Dodge: Dodged            |    65 |    70 |    57 ||   192

Table legend: (Time is in decaauts)
 A = Elapsed time spent in this place.
 B = Non-inter-level travel time spent in this place.
 C = Inter-level travel time spent in this place.
 D = Time resting spent in this place.
 E = Time spent auto-exploring this place.
 F = Levels seen in this place.
 G = Mean time per level.
                   A        B        C        D        E       F      G
               +--------+--------+--------+--------+--------+-----+--------+
         Total |   5332 |   5088 |    244 |    320 |   3996 |   7 |  761.7 |
       Dungeon |   5332 |   5088 |    244 |    320 |   3996 |   7 |  761.7 |
               +--------+--------+--------+--------+--------+-----+--------+

Top non-repeatable levels by time:
     D:1: 1200 daAuts
     D:6: 1032 daAuts
     D:4: 870 daAuts
     D:2: 799 daAuts
     D:5: 715 daAuts
     D:3: 642 daAuts
     D:7: 71 daAuts
